Unix NetHack Version 3.7.0-86 Work-in-progress - last build May 30 2023 01:50:43 (cc98dc9aa62a9957b082a042edf5bd7ec9f632c7,branch:master). Game began 2023-06-08 13:23:34, ended 2023-06-08 13:48:55. MalkMcJorma, chaotic female elven Priestess ----- ------ ------ ---------- |...| ---- ------|.(((| -.....----........| |...| --..------- |...|.-.(((| -...--- --. |...--......|...{..+ ||-----.........| |...|.|.(((| --.......- |...|....---------.....| |..............-- |-%--.------ |.........- |........|------ |.--|-| -----.....{....----........ ---...G.... --...|...-|.(*(| |.|...| |..-...............-.---+- -..-|..........--....--...-.((.| |.|...| |..|-.........|..--- |..| -.....|-....|........-- ...-|.(((| |.------ -.---...-|...- |!.|-...|..---...|.--..|...|.. ------ |.......- -|- ------....-------...---......-|.|------....- -----------...| ....| |....(...|...|...........-- |.|..| -...... |%%+)()[[?|...| |%..!| --......---...........----- |.|..| ...{... |.........|..-- ------ |..|.............---.-- |.%..| .......- ..--------|--..-- -----..|..........-- |.| |.|--- -......--................| --.|....| -....-- |.| | | ---+-.....-|--........--+- .........| -|- @%.| .---|..|--+-..--- -.|-.....---- ..... --- |..|...|-.| --..|....|. |.._..| --|---|--.----+- |.%...--- |.....| |.............| |<%.--- ------- --------------- ----- MalkMcJorma the Adept St:13 Dx:14 Co:11 In:11 Wi:18 Ch:10 Chaotic Dlvl:5 $:7 HP:0(39) Pw:103(103) AC:-3 Xp:6/507 T:2155 Satiated Burdened Blind Latest messages: The iguana bites! You miss the iguana. You hit the iguana! The iguana bites! You kill the iguana! The yellow light explodes! You are blinded by a blast of light! In what direction? The door closes. You hear a door open. It hits! It hits! It hits! You kill it! You try to feel what is lying here on the doorway. You try to feel what is lying here on the doorway. This door is locked. Unlock it with your key? [ynq] (q) You succeed in unlocking the door. The door resists! It bites! It bites! You hit it. It bites! It misses! You hit it. It misses! It misses! You miss it. It bites! It misses! It just misses! You hit it. It misses! You miss it. It bites! You kill it! You hear a door open. You hear the splashing of a naiad. Wait! There's something there you can't see! You kill it! You try to feel what is lying here on the doorway. Wait! There's something there you can't see! It gets angry! It hits! You miss it. It just misses! It just misses! It hits! You die... Inventory: Coins ('$') $ - 7 gold pieces Weapons (')') G - an uncursed +0 arrow t - 8 blessed +1 darts (at the ready) J - 6 uncursed +0 darts X - a blessed +1 dagger Q - an uncursed +0 dagger R - a blessed +5 dwarvish spear S - an uncursed +0 dwarvish short sword a - a blessed +1 mace (weapon in hand) Armor ('[') D - an uncursed +0 dwarvish iron helm (being worn) T - an uncursed +0 dwarvish iron helm v - an uncursed +0 pair of iron shoes (being worn) N - an uncursed +0 pair of iron shoes Y - an uncursed +0 pair of iron shoes E - an uncursed +0 dwarvish roundshield (being worn) U - an uncursed +0 dwarvish roundshield O - an uncursed +0 dwarvish cloak V - an uncursed +0 dwarvish cloak Z - an uncursed +0 dwarvish cloak P - a cursed -3 dwarvish cloak b - a blessed +0 robe (being worn) A - an uncursed +0 elven mithril-coat (being worn) Comestibles ('%') r - an uncursed orange K - an uncursed candy bar labeled "Moon Crunchy" e - an uncursed clove of garlic f - 2 uncursed sprigs of wolfsbane m - 2 uncursed tripe rations Scrolls ('?') H - an uncursed scroll of light q - 2 uncursed scrolls of teleportation Potions ('!') W - an uncursed potion of healing d - a potion of holy water Rings ('=') z - an uncursed ring of slow digestion (on right hand) k - an uncursed ring of teleport control (on left hand) Tools ('(') i - an uncursed magic marker (0:99) M - an uncursed skeleton key B - an uncursed tin whistle MalkMcJorma the Priestess's attributes: Background: You were an Adept, a level 6 elven Priestess. You were chaotic, nominally on a mission for Kos who was opposed by Issek (lawful) and Mog (neutral). You were in the Gnomish Mines, on level 5. You entered the dungeon 2155 turns ago. You had 507 experience points, 133 more were needed to attain level 7. Basics: You had 0 out of 39 hit points. You had all 103 energy points (spell power). Your armor class was -3. Your wallet contained 7 zorkmids. Autopickup was off. Final Characteristics: Your strength was 13 (limit:18). Your dexterity was 14 (limit:18). Your constitution was 11 (limit:16). Your intelligence was 11 (limit:20). Your wisdom was 18 (limit:20). Your charisma was 10 (limit:18). Final Status: You were temporarily blind. You were satiated. You were burdened; movement was slightly slowed. You were wielding a mace. You were skilled in mace. Final Attributes: You were devoutly aligned. You were sleep resistant. You had infravision. You had teleport control. You had slower digestion. You were guarded. You are dead. Miscellaneous: You disabled loading of bones levels. Total elapsed playing time was 25 minutes and 18 seconds. Major events: Turn 1: MalkMcJorma the chaotic elven Priestess entered the dungeon 194: entered the Gnomish Mines 342: attained the rank of Acolyte (level 3) 1052: attained the rank of Adept (level 6) 1135: reached Mine Town 2155: killed by a watch captain Vanquished creatures: a dog a rock mole 2 yellow lights 7 gnome leaders 2 gnomish wizards a kitten 8 dwarves 4 orc zombies an iguana 2 hobbits 22 gnomes a gnome zombie a gecko 2 jackals a fox 4 bats 4 newts 64 creatures vanquished. No species were genocided or became extinct. Voluntary challenges: You were an atheist. You were illiterate. You never engraved Elbereth. You never genocided any monsters. You never polymorphed an object. You never changed form. You used no wishes. Achievements: You entered the Gnomish Mines. You attained the rank of Acolyte. You attained the rank of Adept. You entered Minetown. You entered a shop. You entered a temple. The Dungeons of Doom: levels 1 to 2 Level 1: Level 2: Stairs down to The Gnomish Mines. The Gnomish Mines: levels 3 to 5 Level 3: Level 4: Level 5: <- You were here. Many shops, a temple, many fountains. Final resting place for you, killed by a watch captain. Game over: ---------- / \ / REST \ / IN \ / PEACE \ / \ | MalkMcJorma | | 7 Au | | killed by a | | watch captain | | | | | | 2023 | *| * * * | * _________)/\\_//(\/(/\)/\//\/|_)_______ Goodbye MalkMcJorma the Priestess... You died in The Gnomish Mines on dungeon level 5 with 2235 points, and 7 pieces of gold, after 2155 moves. You were level 6 with a maximum of 39 hit points when you died.